 Dungeon Crawl Stone Soup version 0.31-a0-210-gccc998df9b (webtiles) character file.

Game seed: 15705316657103897182

374 qw the Chopper (level 6, 0/39 HPs)
             Began as a Gargoyle Fighter on June 30, 2023.
             Slain by a gnoll
             ... wielding a +0 spear
              (8 damage)
             ... on level 5 of the Dungeon.
             The game lasted 00:01:20 (3399 turns).

qw the Chopper (Gargoyle Fighter)                   Turns: 3399, Time: 00:01:21

Health: 0/39       AC: 19    Str: 19 (21) XL:     6   Next: 72%
Magic:  6/6        EV:  5    Int:  6 (9)  God:
Gold:   114        SH:  4    Dex:  6 (9)  Spells: 5/5 levels left

rFire   . . .        Y - +2 war axe
rCold   . . .        c - +0 buckler
rNeg    + . .        h - +2 plate armour
rPois   inf          (no helmet)
rElec   +            f - +0 cloak
rCorr   .            (no gloves)
SInv    .            (no boots)
Will    +....        (no amulet) Stlth
                     e - ring of willpower
HPRegen 0.26/turn    (no ring)
MPRegen 0.10/turn

%: no passive effects
@: about to teleport
A: sickness immunity, AC +4, negative energy resistance 1, electricity
resistance, torment resistance 1, petrification resistance
a: no special abilities


You were on level 5 of the Dungeon.
You visited 2 branches of the dungeon, and saw 6 of its levels.

You collected 204 gold pieces.
You spent 90 gold pieces at shops.


Innate Abilities, Weirdness & Mutations

You are immune to sickness and miasma.
Your stone body is resilient. (AC +4)
You are immune to poison.
You resist negative energy. (rN+)
You are resistant to electric shocks. (rElec)
You are resistant to unholy torment.
You are immune to petrification.


   Skills:
 - Level 4.3 Fighting
 + Level 5.6 Axes
 - Level 1.0 Throwing
 - Level 3.2 Armour
 - Level 3.2 Shields


You had 5 spell levels left.
You didn't know any spells.
Your spell library was empty.

Inventory:

Hand Weapons
 k - a +0 flail of holy wrath
 Y - a +2 war axe (weapon)
Armour
 c - a +0 buckler (worn)
 f - a +0 cloak (worn)
 h - a +2 plate armour (worn)
Jewellery
 e - a ring of willpower (left hand)
Scrolls
 i - 4 scrolls of identify
Potions
 d - 2 potions of might
 g - a potion of attraction
 m - 2 potions of curing

Dungeon Overview and Level Annotations

Branches:
Dungeon (5/15)             Temple (1/1) D:4

Altars:
Ashenzari
Elyvilon
Fedhas
Ru
Uskayaw
Vehumet
Zin

Annotations:
D:2 1 runed translucent door, Crazy Yiuf


Message History

A lemure comes into view.
The lemure shouts!
You hit the gnoll but do no damage.
The gnoll is heavily wounded.
You hit the lemure but do no damage.
You hear an angry growl.
The gnoll hits you from afar with a +0 spear.
The gnoll completely misses you. The gnoll barely misses you.
The lemure hits you but does no damage.
You hear a shout!
You hit the gnoll.
The gnoll is severely wounded.
You slash the lemure!
The gnoll hits you but does no damage. x2; You block the gnoll's attack.
A black bear comes into view.
The lemure hits you but does no damage.
You slash the gnoll!
You kill the gnoll!
You slash the lemure!
The gnoll hits you from afar with a +0 spear.
The gnoll hits you from afar with a +3 spear!
The lemure hits you.
You closely miss the lemure.
The lemure is almost dead.
The gnoll hits you but does no damage.
The gnoll hits you from afar with a +0 spear.
The gnoll hits you from afar with a +3 spear.
The lemure hits you but does no damage.
3398 ||| READING scroll of teleportation.
As you read the scroll of teleportation, it crumbles to dust.
You feel strangely unstable.
The gnoll hits you from afar with a +0 spear.
You block the gnoll's attack. The gnoll hits you but does no damage.
You block the lemure's attack.
You slash the lemure!
You kill the lemure!
That felt strangely unrewarding.
You block the gnoll's attack. The gnoll hits you but does no damage.
The gnoll hits you from afar with a +0 spear!
You die...

...........#......
................#####
............####
####.##.#.##.#######
#..........>........
##..........)........
.....h.......%.......
#....g)).........?...
#...5g.@.............
#.###g##.............
#..................
#.#.###..#......... #
# #............
...#.........
#....#######.. ...#.#
......#


You could see a black bear, a lemure and 3 gnolls.

Vanquished Creatures
  A centaur (D:5)
  A lemure (D:5)
  A jelly (D:4)
  3 orc priests (D:4)
  An iguana (D:4)
  A gnoll (D:5)
  8 adders
  3 worms
  3 orcs
  4 bats (D:1)
  2 endoplasms (D:4)
  3 giant cockroaches
  4 hobgoblins
  6 quokkas
  5 ball pythons
  A frilled lizard (D:1)
  10 goblins
  4 kobolds
  6 rats
67 creatures vanquished.

Notes
Turn   | Place    | Note
-------+----------+-------------------------------------------
     0 | D:1      | qw the Gargoyle Fighter began the quest for the Orb.
     0 | D:1      | Reached XP level 1. HP: 14/14 MP: 1/1
     0 | D:1      | 0 ||| qw: Version: 0.3-a-24-ga2abf7b
     0 | D:1      | 0 ||| qw: Game counter: 7126
     0 | D:1      | 0 ||| qw: Melee chars always use a shield: true
     0 | D:1      | 0 ||| qw: God list: Okawaru
     0 | D:1      | 0 ||| qw: Allow faded altars: false
     0 | D:1      | 0 ||| qw: Do Orc after clearing Dungeon:15 true
     0 | D:1      | 0 ||| qw: Do second Lair branch before Depths: true
     0 | D:1      | 0 ||| qw: Lair rune preference: random
     0 | D:1      | 0 ||| qw: Goals: Normal, Zot:1-4, Slime:5, God:TSO, Crypt,
                  | Tomb, Abyss, Pan, Hells, Win
     0 | D:1      | 0 ||| PLANNING D:1-11
    64 | D:1      | Reached skill level 2 in Axes
   119 | D:1      | Reached XP level 2. HP: 19/19 MP: 2/2
   351 | D:1      | 351 ||| Stepping ~*~*~tactically~*~*~ (stealth).
   664 | D:1      | 664 ||| DROPPING +0 club.
   740 | D:1      | 740 ||| UPGRADING to +0 plate armour.
   750 | D:1      | 750 ||| DROPPING +0 scale mail.
   751 | D:1      | 751 ||| DROPPING +0 plate armour.
   752 | D:1      | 752 ||| UPGRADING to ring of willpower.
   753 | D:1      | 753 ||| READING scroll labelled ISTRUJ HILUOH.
   754 | D:1      | 754 ||| READING scroll labelled AGOAX MUIQI.
   755 | D:1      | 755 ||| READING scroll labelled OCRIXZ ZIXOSH.
   756 | D:1      | 756 ||| READING scroll labelled DONUAM CEXZER.
   759 | D:1      | 759 ||| READING 3 scrolls labelled OFOYNE KINO.
   760 | D:1      | 760 ||| READING 2 scrolls of enchant armour.
   760 | D:1      | 760 ||| ENCHANTING +0 plate armour.
   761 | D:1      | 761 ||| READING scroll of enchant armour.
   761 | D:1      | 761 ||| ENCHANTING +1 plate armour.
   762 | D:1      | 762 ||| DRINKING 2 yellow potions.
   763 | D:1      | 763 ||| DRINKING 2 sapphire potions.
   855 | D:2      | Reached skill level 3 in Axes
   862 | D:2      | 862 ||| FLEEEEING.
   869 | D:2      | 869 ||| STAIRDANCE
   914 | D:2      | Reached skill level 1 in Throwing
   914 | D:2      | Reached XP level 3. HP: 23/23 MP: 3/3
  1363 | D:2      | 1363 ||| DROPPING +0 whip.
  1367 | D:2      | Found a runed translucent door.
  1368 | D:2      | Noticed Crazy Yiuf
  1611 | D:2      | 1611 ||| READING scroll labelled JUFOCU CALANET.
  1612 | D:2      | 1612 ||| READING scroll labelled WUTEJU KELECI.
  1613 | D:2      | 1613 ||| READING 2 scrolls labelled PIXTOISAFI.
  1806 | D:3      | 1806 ||| DROPPING +0 hammer.
  1855 | D:3      | Reached XP level 4. HP: 28/28 MP: 4/4
  2217 | D:3      | 2217 ||| READING scroll of enchant weapon.
  2217 | D:3      | 2217 ||| ENCHANTING +1 war axe.
  2274 | D:3      | Found Zin's Purification Station.
  2280 | D:3      | Found a glowing silver altar of Zin.
  2283 | D:3      | 2283 ||| BUYING potion of curing (90 gold).
  2283 | D:3      | Bought a potion of curing for 90 gold pieces
  2544 | D:3      | 2544 ||| UPGRADING to +0 cloak.
  2608 | D:4      | Reached skill level 4 in Axes
  2608 | D:4      | Reached XP level 5. HP: 32/32 MP: 5/5
  2665 | D:4      | Reached skill level 5 in Axes
  2665 | D:4      | Found a staircase to the Ecumenical Temple.
  2666 | D:4      | 2666 ||| PLANNING TEMPLE
  2675 | Temple   | Entered the Ecumenical Temple
  2712 | Temple   | 2712 ||| PLANNING D:1-11
  2842 | D:4      | 2842 ||| Stepping ~*~*~tactically~*~*~ (stealth).
  3005 | D:4      | Reached XP level 6. HP: 22/39 MP: 6/6
  3302 | D:4      | 3302 ||| READING scroll labelled WOAMI ALORARA.
  3303 | D:4      | 3303 ||| READING scroll labelled OVVIARCH ROIFO.
  3304 | D:4      | 3304 ||| READING scroll labelled TOITYPEPOG.
  3305 | D:4      | 3305 ||| DRINKING 2 blue potions.
  3306 | D:4      | 3306 ||| DROPPING potion of degeneration.
  3332 | D:5      | Entered Level 5 of the Dungeon
  3382 | D:5      | 3382 ||| Stepping ~*~*~tactically~*~*~ (hiding).
  3395 | D:5      | Noticed a black bear
  3397 | D:5      | HP: 9/39 [gnoll/+3 spear (4)]
  3398 | D:5      | 3398 ||| READING scroll of teleportation.
  3399 | D:5      | Slain by a gnoll

Levels and vault maps discovered:
D:1:      saegor_arrival_fortress, layout_basic, minmay_cut_off
D:2:      layout_basic, eino_curves_02, columned_hall_lemuel,
          uniq_crazy_yiuf_cottage
D:3:      layout_basic, zin_purify, nicolae_eternal_life
D:4:      layout_basic, minmay_temple_entry_waves, minmay_goblin_outpost
D:5:      layout_rooms, lightli_temple_of_fire, uniq_pikel, uniq_blork_the_orc
Temple:   nicolae_temple_ecumenical_triangle

Skill      XL: |  1  2  3  4  5 |
---------------+----------------+-----
Axes           | 2 3 4 5 |  5.6
Throwing       | 1 |  1.0
Fighting       | 4 |  4.3
Armour         | |  3.2
Shields        | |  3.2

Action                     |  1- 3 |  4- 6 || total
---------------------------+-------+-------++-------
  Melee: War axe           |    77 |    63 ||   140
  Throw: Javelin           |    17 |    18 ||    35
    Use: Scroll            |    10 |     5 ||    15
         Potion            |     2 |     1 ||     3
 Armour: Scale mail        |    23 |       ||    23
         Plate armour      |    25 |    59 ||    84
  Dodge: Dodged            |    21 |    24 ||    45
  Block: Buckler           |    16 |    17 ||    33

Table legend:
 A = Non-vault XP
 B = Vault XP
 C = Vault XP percentage of total XP
 D = Non-vault monster count
 E = Vault monster count
 F = Vault count percentage of total count
                 A         B        C        D         E       F
            +---------+---------+-------+---------+---------+-------
      Total |     521 |      14 |   2.6 |      58 |       8 |  12.1
            +---------+---------+-------+---------+---------+-------
        D:1 |      24 |       4 |  14.3 |      16 |       3 |  15.8
        D:2 |      38 |       0 |   0.0 |       9 |       0 |   0.0
        D:3 |      50 |       0 |   0.0 |      12 |       0 |   0.0
        D:4 |     267 |      10 |   3.6 |      17 |       5 |  22.7
        D:5 |     142 |       0 |   0.0 |       4 |       0 |   0.0
            +---------+---------+-------+---------+---------+-------
